 Dungeon Crawl Stone Soup version 0.31-a0-1308-ga3cce3a448 (webtiles) character file.

Game seed: 8832797899670225904

2509 Sonofthefire the Covert (level 9, -2/61 HPs)
             Began as an Octopode Shapeshifter on Dec 20, 2023.
             Was a Priest of Okawaru.
             Slain by a killer bee (8 damage)
             ... on level 7 of the Dungeon.
             The game lasted 00:25:09 (8088 turns).

Sonofthefire the Covert (Octopode Shapeshifter)     Turns: 8088, Time: 00:25:10

Health: -2/61      AC:  1    Str: 16    XL:     9   Next: 53%
Magic:  0/9        EV: 19    Int:  9    God:    Okawaru [***...]
Gold:   362        SH:  0    Dex: 16    Spells: 8/8 levels left

rFire   . . .        v - +2 flail (protect)
rCold   . . .        (no shield)
rNeg    . . .        (helmet currently unavailable)
rPois   .            p - amulet of guardian spirit
rElec   .            (no ring)
rCorr   .            (no ring)
SInv    .            (no ring)
Will    +....        (no ring)
Stlth   ++++++       (no ring)
HPRegen 0.30/turn    (no ring)
MPRegen 0.11/turn    (no ring)
                     (no ring)

%: guardian spirit
@: lethally poisoned (-2 -> -3), beast-form, heroic, attractive, enlightened,
flying
A: beast (slay +3), almost no armour, amphibious, 8 rings, camouflage 1,
gelatinous body 1, (nimble swimmer 1), tentacles, agile 1, dopey 1
a: Begin Untransformation, Renounce Religion, Heroism


You were on level 7 of the Dungeon.
You worshipped Okawaru.
Okawaru was most pleased with you.
You were a hulking beast.
You visited 1 branch of the dungeon, and saw 8 of its levels.

You collected 362 gold pieces.

Inventory:

Hand Weapons
 v - a +2 flail of protection (weapon)
Missiles
 D - 18 darts of dispersal (quivered)
Magical Staves
 E - a staff of conjuration
Jewellery
 n - an amulet of regeneration
 o - an amulet of the acrobat
 p - an amulet of guardian spirit (around mantle)
Talismans
 b - a beast talisman
 c - a flux talisman
Wands
 a - a wand of flame (8)
 k - a wand of digging (8)
 t - a wand of iceblast (6)
Scrolls
 e - 4 scrolls of identify {unknown}
 f - 4 scrolls of noise {unknown}
 g - 2 scrolls of fear {unknown}
 h - 2 scrolls of immolation {unknown}
 j - 2 scrolls of amnesia {unknown}
 l - 4 scrolls of teleportation {unknown}
 r - 3 scrolls of enchant armour {unknown}
 s - a scroll of brand weapon {unknown}
 w - a scroll of revelation {unknown}
 x - a scroll of fog {unknown}
 y - 2 scrolls of enchant weapon {unknown}
Potions
 d - a potion of magic {unknown}
 m - a potion of invisibility {unknown}
 q - 2 potions of mutation
 u - 2 potions of enlightenment
 z - 2 potions of curing {unknown}
 A - a potion of attraction
 B - a potion of degeneration {unknown}
 C - a potion of brilliance {unknown}


   Skills:
 + Level 5.5(10.5) Fighting
 + Level 5.9(10.9) Dodging
 + Level 8.0(13.0) Stealth
 + Level 6.3(11.3) Unarmed Combat
 + Level 5.9 Shapeshifting


You had 8 spell levels left.
You didn't know any spells.
Your spell library contained the following spells:

 Spells                   Type           Power      Damage    Failure   Level
 Freeze                   Ice            0%         1d3       38%         1
 Lesser Beckoning         Tloc           0%         N/A       52%         2
 Frozen Ramparts          Ice            0%         1d1       77%         3
 Gell's Gravitas          Tloc           0%         N/A       77%         3
 Hailstorm                Conj/Ice       0%         3d5       77%         3
 Sigil of Binding         Hex            0%         N/A       77%         3
 Stone Arrow              Conj/Erth      0%         3d7       77%         3
 Teleport Other           Tloc           0%         N/A       77%         3
 Dimensional Bullseye     Hex/Tloc       0%         N/A       99%         4
 Lehudib's Crystal Spear  Conj/Erth      0%         10d2      100%        8
 Call Canine Familiar     Summ           Unusable   N/A       N/A         3
 Animate Armour           Summ/Erth      Unusable   N/A       N/A         4

Dungeon Overview and Level Annotations

Branches:
Dungeon (8/15)             Temple (0/1) D:6
   Lair: D:8-11

Altars:
Elyvilon
Fedhas
Okawaru

Shops:
D:5 (

Annotations:
D:6 2 runed translucent doors, RabbitInGlasses's ghost, novice DsGl


Innate Abilities, Weirdness & Mutations

You are a hulking beast.
Your limbs bulge with bestial killing power. (Slay +3)
You cannot wear most types of armour.
You are amphibious.
You can wear up to eight rings at the same time.
Your skin changes colour to match your surroundings (Stealth+).
Your rubbery body absorbs attacks. (AC +1, EV +1)
((You are camouflaged when in or above water. (Stealth+)))
You have tentacles for arms and can constrict up to eight enemies at once.
You are agile. (Dex +4, Str/Int -1)
You are dopey. (Int -2)


Message History

One of your lower tentacles grows a sharp spike.
You gain the combat prowess of a mighty hero.
You feel extremely strange.
Your tentacle spike disappears.
The antennae on your head shrink away.
You no longer feel cold resistant.
You feel stupid. The killer bee misses you.
Okay, then.
You closely miss the killer bee. You grab the killer bee.
You constrict the killer bee. The killer bee stings you.
You are poisoned.
The killer bee poisons you! The killer bee barely misses you.
You closely miss the killer bee.
The killer bee is lightly wounded.
You constrict the killer bee.
You feel sick. The killer bee misses you. x2
The killer bee completely misses you. The killer bee barely misses you.
The killer bee stings you. The killer bee barely misses you.
You are too injured to fight recklessly!
It was a potion of enlightenment.
You feel very buoyant.
You fly up into the air.
You constrict the killer bee.
You feel sick. The killer bee misses you. The killer bee closely misses you.
The killer bee barely misses you. The killer bee completely misses you.
The killer bee closely misses you. The killer bee misses you.
It was a potion of attraction.
You feel attractive to monsters.
You constrict the killer bee.
You feel sick. The killer bee stings you!
* * * LOW HITPOINT WARNING * * *
The killer bee stings you but does no damage.
The killer bee misses you. The killer bee closely misses you.
The killer bee misses you. The killer bee stings you.
* * * LOW HITPOINT WARNING * * *
There are monsters nearby!
There are monsters nearby!
You release your grip on the killer bee.
You feel sick. The killer bee barely misses you.
The killer bee completely misses you.
You feel sick.
The killer bee attacks as it pursues you!
The killer bee closely misses you. The killer bee stings you!
You die...

#.# ##.# #.# #..# ##'##
#.## ##...## #.#
##.....## ##.#
##.......## ##..#
#.........####...##
'.........'....yyy#
#.........####..h#######
##.......## #.........#
##.....## #.#.#####.#
##...## #.#.# #.# ##'##
#.#.### #.# #.#
######.#...# #.# #)#
#......###># #.#
##.###.###..###.###.#
####...)....#..........#


You could see 3 killer bees.

Vanquished Creatures
  A wyvern (D:7)
  Edmund (D:5)
  Menkaure (D:7)
  An ice beast (D:6)
  An ogre (D:7)
  2 centaurs
  A phantom (D:4)
  3 kobold brigands (D:6)
  3 bullfrogs
  10 wights (D:7)
  4 killer bees (D:7)
  2 howler monkeys (D:7)
  2 hounds
  5 orc priests
  Crazy Yiuf (D:4)
  An iguana (D:5)
  4 orc wizards
  3 gnolls (D:7)
  4 adders
  A white imp (D:7)
  2 worms (D:2)
  3 dart slugs
  28 orcs
  3 endoplasms
  4 giant cockroaches
  6 goblins
  7 hobgoblins
  2 jackals (D:1)
  9 kobolds
  2 quokkas (D:1)
  10 ball pythons
  7 bats
  4 frilled lizards
  9 rats
147 creatures vanquished.

Notes
Turn   | Place    | Note
-------+----------+-------------------------------------------
     0 | D:1      | Sonofthefire the Octopode Shapeshifter began the quest for
                  | the Orb.
     0 | D:1      | Reached XP level 1. HP: 13/13 MP: 1/1
   263 | D:1      | Reached XP level 2. HP: 18/18 MP: 2/2
   443 | D:1      | Reached skill level 1 in Stealth
   923 | D:1      | Reached XP level 3. HP: 23/23 MP: 3/3
  2060 | D:3      | Reached skill level 2 in Stealth
  2068 | D:3      | Reached XP level 4. HP: 25/29 MP: 4/4
  2198 | D:3      | Found a faded altar of an unknown god.
  2810 | D:4      | Reached XP level 5. HP: 31/34 MP: 3/5
  2865 | D:4      | Found an iron altar of Okawaru.
  2872 | D:4      | Became a worshipper of Warmaster Okawaru
  2948 | D:4      | Reached skill level 3 in Stealth
  3549 | D:4      | Found a runed translucent door.
  3550 | D:4      | Noticed Crazy Yiuf
  3716 | D:4      | Killed Crazy Yiuf
  3900 | D:5      | Entered Level 5 of the Dungeon
  4036 | D:5      | Reached XP level 6. HP: 31/41 MP: 4/6
  4469 | D:5      | Found a white marble altar of Elyvilon.
  4474 | D:5      | Noticed Edmund
  4560 | D:5      | Killed Edmund
  4561 | D:5      | Reached skill level 4 in Stealth
  4745 | D:5      | Identified the +2 helmet "Reizeos" {Int+3}
  4812 | D:5      | Reached * piety under Okawaru
  4813 | D:5      | Reached XP level 7. HP: 37/46 MP: 5/7
  4965 | D:5      | Found Narhoq's Antique Weapon Shoppe.
  5016 | D:6      | Found a staircase to the Ecumenical Temple.
  5114 | D:6      | Reached skill level 5 in Stealth
  5168 | D:6      | Found a large runed translucent door.
  5168 | D:6      | Found a large runed translucent door.
  5218 | D:6      | Reached ** piety under Okawaru
  5230 | D:6      | Reached XP level 8. HP: 54/54 MP: 8/8
  5377 | D:6      | Noticed RabbitInGlasses's ghost (novice DsGl)
  5511 | D:7      | Reached skill level 5 in Unarmed Combat
  5576 | D:7      | Reached skill level 6 in Stealth
  5648 | D:7      | Noticed a wyvern
  5758 | D:7      | Killed a wyvern
  6047 | D:7      | Found a blossoming altar of Fedhas.
  6062 | D:7      | Reached skill level 5 in Shapeshifting
  6330 | D:7      | Noticed Menkaure
  6335 | D:7      | Killed Menkaure
  6336 | D:7      | Reached skill level 5 in Dodging
  6346 | D:7      | Reached skill level 7 in Stealth
  6350 | D:7      | Reached XP level 9. HP: 38/60 MP: 6/9
  6447 | D:7      | Reached skill level 5 in Fighting
  7123 | D:7      | Reached *** piety under Okawaru
  7463 | D:7      | Reached skill level 8 in Stealth
  8080 | D:7      | Gained mutation: You have a pair of small antennae on your
                  | head. [potion of mutation]
  8080 | D:7      | Gained mutation: You are agile. (Dex +4, Str/Int -1)
                  | [potion of mutation]
  8080 | D:7      | Gained mutation: Your flesh is cold resistant. (rC+)
                  | [potion of mutation]
  8080 | D:7      | Gained mutation: One of your tentacles bears a spike.
                  | [potion of mutation]
  8082 | D:7      | Lost mutation: One of your tentacles bears a spike. [potion
                  | of mutation]
  8082 | D:7      | Lost mutation: You have a pair of small antennae on your
                  | head. [potion of mutation]
  8082 | D:7      | Lost mutation: Your flesh is cold resistant. (rC+) [potion
                  | of mutation]
  8082 | D:7      | Gained mutation: You are dopey. (Int -2) [potion of
                  | mutation]
  8088 | D:7      | Slain by a killer bee

Illustrated notes

Levels and vault maps discovered:
D:1:      psy_arrival_radial02, layout_loops_corners
D:2:      layout_basic, st_stairs_1, nrook_loot_triangle, minmay_misc_feat_cross
D:3:      layout_loops_cross, dreamdust_ecumenical_altar_statues,
          kennysheep_generic_room_3
D:4:      layout_basic, okawaru_ov_weapons_minmay, uniq_crazy_yiuf_cottage
D:5:      layout_cave_pools, elyvilon_altar_5, serial_shops, kennysheep_mini,
          uniq_edmund
D:6:      layout_rooms, minmay_temple_entry_mist, ebering_ghost_disaster_area,
          minmay_unpleasant_kobolds
D:7:      layout_loops_corners, fedhas_altar_1, uniq_menkaure
D:8:      layout_cave_pools, nicolae_wu_jian_wuxing_cycle,
          mainiacjoe_overflow_cross_hatched, erik_lair_dragon, uniq_psyche,
          uniq_grum, uniq_jeremiah

Skill      XL: |  1  2  3  4  5  6  7  8  9 |
---------------+----------------------------+-----
Stealth        | 1 2 3 4 5 7 8 |  8.0
Fighting       | 2 3 4 5 |  5.5
Dodging        | 3 4 5 |  5.9
Unarmed Combat | 4 5 6 |  6.3
Shapeshifting  | 4 5 |  5.9

Action                     |  1- 3 |  4- 6 |  7- 9 || total
---------------------------+-------+-------+-------++-------
  Melee: Unarmed           |    27 |    32 |       ||    59
         Constrict         |    23 |    18 |    38 ||    79
         Tentacles         |    10 |    27 |    39 ||    76
         Dagger            |    59 |    56 |       ||   115
         Punch             |       |     2 |     8 ||    10
         Mace              |       |    30 |       ||    30
         Flail             |       |     5 |   159 ||   164
 Invoke: Heroism           |       |       |     5 ||     5
    Use: Potion            |       |     1 |     4 ||     5
         Scroll            |       |     1 |     2 ||     3
   Stab: Sleeping          |    12 |     8 |     6 ||    26
 Armour: Skin              |    22 |    76 |   128 ||   226
  Dodge: Dodged            |    53 |    74 |   176 ||   303

Table legend: (Time is in decaauts)
 A = Elapsed time spent in this place.
 B = Non-inter-level travel time spent in this place.
 C = Inter-level travel time spent in this place.
 D = Time resting spent in this place.
 E = Time spent auto-exploring this place.
 F = Levels seen in this place.
 G = Mean time per level.
                   A        B        C        D        E       F      G
               +--------+--------+--------+--------+--------+-----+--------+
         Total |   8179 |   7981 |    198 |   1801 |   4425 |   8 | 1022.4 |
       Dungeon |   8179 |   7981 |    198 |   1801 |   4425 |   8 | 1022.4 |
               +--------+--------+--------+--------+--------+-----+--------+

Top non-repeatable levels by time:
     D:7: 2583 daAuts
     D:4: 1544 daAuts
     D:1: 1054 daAuts
     D:2: 964 daAuts
     D:3: 778 daAuts
     D:5: 699 daAuts
     D:6: 504 daAuts
     D:8: 50 daAuts
